 Seeded DCSS version 0.29-a0-923-g6e406bff71 (webtiles) character file.

Game seed: 20220728 (custom seed)

30385 purpskrrrp the Cleaver (level 13, -7/114 HPs)
             Began as a Minotaur Delver on July 28, 2022.
             Was the Champion of Okawaru.
             Mangled by a death yak (14 damage)
             ... on level 3 of the Lair of Beasts.
             The game lasted 00:53:09 (18150 turns).

purpskrrrp the Cleaver (Minotaur Delver)           Turns: 18150, Time: 00:53:09

Health: -7/114     AC: 11    Str: 28    XL:     13   Next: 20%
Magic:  12/12      EV: 17    Int:  7    God:    Okawaru [******]
Gold:   297        SH:  9    Dex: 22    Spells: 12/12 levels left

rFire   . . .      SeeInvis .   R - +2 demon whip (venom)
rCold   . . .      Faith    +   X - +3 buckler "Raifaoll" {Dex+4}
rNeg    . . .      Spirit   .   e - +0 robe of Midnight {-Cast Harm Slay+5}
rPois   .          Reflect  .   (helmet restricted)
rElec   +          Harm     +   h - +1 cloak of the Buccaneer {Drain rElec Slay+2}
rCorr   .          Rampage  .   U - +2 pair of gloves
Will    .....      NoCast   +   N - +2 pair of boots {Stlth+}
Stlth   ++++++....              v - amulet of faith
HPRegen 0.29/turn               w - +6 ring of dexterity
MPRegen 0.13/turn               s - +6 ring of strength

@: no status effects
A: horns 2, retaliatory headbutt
a: Renounce Religion, Heroism, Finesse, Duel


You were on level 3 of the Lair of Beasts.
You worshipped Okawaru.
Okawaru was exalted by your worship.
You visited 3 branches of the dungeon, and saw 16 of its levels.
You also visited: Sewer.

You collected 866 gold pieces.
You spent 569 gold pieces at shops.

Inventory:

Hand Weapons
 a - a +0 spear
 f - a +2 long sword of holy wrath
 m - a +1 great sword of protection
 r - the +11 hand axe of Mourning {protect, rElec rPois Will+}
   (You found it on level 7 of the Dungeon)

   It grants its wielder temporary protection when it strikes (+7 to AC).
   rElec:     It insulates you from electricity.
   rPois:     It protects you from poison.
   Will:      It increases your willpower.
 D - a +3 rapier of distortion
 M - a +2 mace of holy wrath
 R - a +2 demon whip of venom (weapon)
Missiles
 n - 6 curare-tipped darts (quivered)
Armour
 b - a +1 leather armour
 e - the +0 robe of Midnight (worn) {-Cast Harm Slay+5}
   (You found it on level 7 of the Dungeon)

   Slay:      It affects your accuracy & damage with ranged weapons and melee
   (+5).
   -Cast:     It prevents spellcasting.
   Harm:      It increases damage dealt and taken.
 h - the +1 cloak of the Buccaneer (worn) {Drain rElec Slay+2}
   (You acquired it on level 5 of the Dungeon)

   Slay:      It affects your accuracy & damage with ranged weapons and melee
   (+2).
   rElec:     It insulates you from electricity.
   Drain:     It drains your maximum health when unequipped.
 N - a +2 pair of boots of stealth (worn)
 U - a +2 pair of gloves (worn)
 X - the +3 buckler "Raifaoll" (worn) {Dex+4}
   (Okawaru gifted it to you on level 2 of the Lair of Beasts)

   Dex:       It affects your dexterity (+4).
Jewellery
 l - a ring of protection from fire
 s - a +6 ring of strength (right hand)
 t - a ring of positive energy
 v - an amulet of faith (around neck)
 w - a +6 ring of dexterity (left hand)
 K - a ring of positive energy
 V - a ring of protection from fire
 W - a +6 ring of dexterity
Wands
 g - a wand of digging (7)
 u - a wand of light (1)
 B - a wand of roots (26)
 C - a wand of flame (6)
Scrolls
 c - 3 scrolls of fog
 d - 5 scrolls of magic mapping
 i - 6 scrolls of silence
 j - 4 scrolls of enchant armour
 o - 3 scrolls of amnesia
 q - 5 scrolls of fear
 y - 3 scrolls of teleportation
 z - 3 scrolls of blinking
 F - 2 scrolls of immolation
 H - 2 scrolls of poison
 P - 2 scrolls of noise
Potions
 k - a potion of mutation
 p - 5 potions of curing
 x - 4 potions of degeneration
 A - 4 potions of heal wounds
 E - a potion of invisibility
 G - a potion of magic
 I - 3 potions of flight
 J - a potion of ambrosia
 L - a potion of berserk rage
 O - a potion of attraction
 Q - a potion of might {unknown}
 S - a potion of brilliance
Miscellaneous
 T - a condenser vane


   Skills:
 + Level 10.6 Fighting
 - Level 8.3 Long Blades
 + Level 13.8(15.1) Axes
 * Level 6.8(11.2) Maces & Flails
 + Level 7.0(11.3) Polearms
 * Level 6.0 Throwing
 + Level 5.2 Armour
 + Level 7.5 Dodging
 + Level 10.0 Stealth
 * Level 3.2 Shields
 + Level 0.3 Invocations


You had 12 spell levels left.
You didn't know any spells.
Your spell library contained the following spells:

 Spells                   Type           Power      Damage    Failure   Level
 Poisonous Vapours        Pois/Air       0%         N/A       67%         2
 Dazzling Flash           Conj/Hex       0%         N/A       88%         3
 Corpse Rot               Necr/Pois/Air  0%         N/A       99%         4
 Iskenderun's Mystic Bla  Conj/Tloc      0%         2d3       99%         4
 Freezing Cloud           Conj/Ice/Air   0%         6-21      100%        5
 Starburst                Conj/Fire      0%         6d3       100%        6
 Animate Dead             Necr           Unusable   N/A       N/A         4
 Haunt                    Necr/Summ      Unusable   N/A       N/A         7
 Infestation              Necr           Unusable   N/A       N/A         8

Dungeon Overview and Level Annotations

Branches:
Dungeon (12/15)            Temple (1/1) D:6            Lair (3/5) D:8
  Swamp (0/4) Lair:2        Snake (0/4) Lair:3          Orc (0/2) D:11
  Sewer (visited)

Altars:
Ashenzari
Cheibriados
Dithmenos
Elyvilon
Fedhas
Gozag
Hepliaklqana
Kikubaaqudgha
Makhleb
Nemelex Xobeh
Okawaru
Qazlal
Ru
Sif Muna
Trog
Uskayaw
Vehumet
Wu Jian
Xom
Yredelemnul
Zin
The Shining One

Shops:
D:5 (([*(   D:10 :[

Annotations:
D:12 2 transporters


Innate Abilities, Weirdness & Mutations

You have a pair of horns on your head.
You reflexively headbutt those who attack you in melee.


Message History

The death yak is severely wounded.
The death yak closely misses you. x2
You hit the death yak.
The death yak looks as sick as possible!
You headbutt the death yak!
The death yak is almost dead.
You thrash the death yak!!
You kill the death yak!
Okawaru accepts your kill. The death yak completely misses you.
You hit the death yak.
The death yak is poisoned.
The death yak is lightly wounded.
The death yak barely misses you.
You thrash the death yak!!
The death yak looks as sick as possible!
Your headbutt misses the death yak.
The death yak is heavily wounded.
You hit the death yak but do no damage.
The death yak is heavily wounded.
The death yak gores you!! The death yak completely misses you.
You block the death yak's attack.
You whack the death yak!
The death yak looks as sick as possible!
You headbutt the death yak.
The death yak is severely wounded.
You hit the death yak but do no damage.
The death yak looks as sick as possible!
The death yak is severely wounded.
The death yak gores you! x2; You block the death yak's attack.
An ice beast comes into view.
Unknown command.
You whack the death yak!
The death yak looks as sick as possible!
The death yak is moderately wounded.
You barely miss the death yak. The death yak gores you!!
* * * LOW HITPOINT WARNING * * *
The death yak gores you!!
* * * LOW HITPOINT WARNING * * *
The death yak gores you!
You die...

#.......######.......
#........#..........
#####.............#...
###.....................
.......##?.......#......
.......##..>....#.......
........≈#..............
...#...Y#≈..#......^..<.
≈≈....Y@[≈≈≈.⌠..........
≈≈....Y≈.≈≈.≈.....#.....
≈.≈≈..≈≈≈.≈≈≈≈......[...
...≈≈≈≈≈...≈≈≈.≈.. ....
≈?.≈.≈≈≈≈.≈.≈≈≈#.# ..#.
≈≈≈≈≈≈≈≈≈≈≈≈$..#.. #..#
≈≈≈≈≈≈≈Y≈≈≈≈..... ...
≈≈≈≈≈≈≈≈≈≈≈≈...## .#
≈≈$()≈≈≈≈≈...#


You could see 3 death yaks and an ice beast.

Vanquished Creatures
  A hydra (Lair:3)
  3 two-headed ogres
  2 death yaks (Lair:3)
  Amaemon (Lair:1)
  4 deep elf zephyrmancers (D:11)
  4 deep elf pyromancers (D:11)
  3 black mambas
  7 elephants
  Maurice (D:9)
  5 cane toads
  An orange demon (Lair:1)
  Maggie (D:9)
  2 gargoyles
  3 rime drakes
  4 kobold demonologists
  2 komodo dragons
  3 trolls
  A polar bear (Lair:3)
  Prince Ribbit (D:6)
  A hornet (D:7)
  2 shadows (D:10)
  6 wyverns
  22 yaks
  A vampire (D:10)
  A human (D:10)
  3 steam dragons
  Eustachio (D:4)
  3 hogs (D:10)
  3 basilisks
  2 wargs (D:11)
  An acid dragon (D:4)
  15 water moccasins
  A black bear (D:8)
  3 ice beasts (Lair:3)
  3 orc warriors
  3 sky beasts
  The ghost of avis the Chiller, an amateur DgIE (D:3)
  11 wolves
  5 centaurs
  A phantom (D:5)
  Blork the orc (D:6)
  9 kobold brigands
  3 bullfrogs
  2 gnoll sergeants
  2 scorpions
  8 wights
  4 killer bees (D:10)
  An electric eel (D:9)
  4 howler monkeys
  A lava snake (D:9)
  5 hounds (D:5)
  2 jellies
  7 orc priests
  A gnoll bouda (D:8)
  4 iguanas
  9 orc wizards
  20 gnolls
  11 adders
  2 river rats (Sewer)
  A white imp (D:7)
  3 worms
  35 orcs
  3 bats
  11 endoplasms
  3 giant cockroaches
  5 goblins
  7 hobgoblins
  4 jackals (D:5)
  30 kobolds
  2 quokkas
  7 ball pythons
  8 rats
353 creatures vanquished.

Vanquished Creatures (others)
  7 fungi
  5 plants
12 creatures vanquished.

Grand Total: 365 creatures vanquished

Notes
Turn   | Place    | Note
-------+----------+-------------------------------------------
     0 | D:5      | purpskrrrp the Minotaur Delver began the quest for the Orb.
     0 | D:5      | Reached XP level 1. HP: 19/19 MP: 0/0
    24 | D:5      | Noticed a scorpion
    36 | D:5      | Identified a scroll of acquirement
    36 | D:5      | Acquired the +1 cloak of the Buccaneer {Drain rElec Slay+2}
   150 | D:5      | Noticed a phantom
   158 | D:5      | Noticed a hound
   161 | D:5      | Killed a phantom
   162 | D:5      | Reached skill level 5 in Stealth
   162 | D:5      | Reached XP level 2. HP: 16/27 MP: 1/1
   162 | D:5      | Reached XP level 3. HP: 20/33 MP: 2/2
   162 | D:5      | Reached XP level 4. HP: 24/40 MP: 3/3
   429 | D:5      | Reached XP level 5. HP: 46/46 MP: 4/4
   433 | D:5      | Found Weocob's Antique Weapon Shoppe.
   542 | D:5      | Found Ygguceiluo's Armour Shop.
   551 | D:5      | Found Himuushro's Weapon Boutique.
   648 | D:5      | Found Ytogiy Teib's Assorted Antiques.
   663 | D:5      | Reached skill level 1 in Armour
   724 | D:5      | Found Hisiniz's Antique Weapon Boutique.
   935 | D:5      | Reached XP level 6. HP: 43/53 MP: 5/5
  1528 | D:6      | Noticed a water moccasin
  1709 | D:6      | Noticed Prince Ribbit
  1719 | D:6      | Killed Prince Ribbit
  1720 | D:6      | Reached skill level 1 in Long Blades
  1720 | D:6      | Reached skill level 5 in Polearms
  1720 | D:6      | Reached XP level 7. HP: 21/60 MP: 6/6
  1973 | D:6      | Reached skill level 5 in Fighting
  2006 | D:6      | Found a glowing drain.
  2025 | Sewer    | Entered a sewer
  2937 | Sewer    | Reached XP level 8. HP: 49/68 MP: 7/7
  3289 | D:6      | Found a staircase to the Ecumenical Temple.
  3297 | D:6      | Noticed Blork the orc
  3299 | Temple   | Entered the Ecumenical Temple
  3303 | Temple   | Reached skill level 5 in Long Blades
  3578 | Temple   | Became a worshipper of Warmaster Okawaru
  3795 | D:6      | Killed Blork the orc
  4600 | D:6      | Found a glowing silver altar of Zin.
  4607 | D:6      | Found a sacrificial altar of Ru.
  4608 | D:6      | Found a blossoming altar of Fedhas.
  4610 | D:6      | Found a radiant altar of Vehumet.
  5040 | D:7      | Noticed a hornet
  5051 | D:7      | Paralysed by a hornet for 2 turns
  5052 | D:7      | Killed a hornet
  5053 | D:7      | Reached XP level 9. HP: 26/75 MP: 8/8
  5511 | D:7      | Identified the +11 hand axe of Mourning {protect, rElec
                  | rPois Will+}
  5514 | D:7      | Identified the +0 robe of Midnight {-Cast Harm Slay+5}
  5612 | D:7      | Reached * piety under Okawaru
  5827 | D:7      | Reached skill level 1 in Axes
  6117 | D:8      | Got the Handbook of Arcane Weapons
  6134 | D:8      | Reached skill level 2 in Axes
  6144 | D:8      | Noticed an elephant
  6146 | D:8      | Found a staircase to the Lair.
  6150 | D:8      | Killed an elephant
  6150 | D:8      | Reached ** piety under Okawaru
  6151 | D:8      | Reached skill level 3 in Axes
  6156 | D:8      | Reached skill level 4 in Axes
  6187 | D:8      | Reached skill level 5 in Armour
  6293 | D:8      | Reached *** piety under Okawaru
  6294 | D:8      | Reached skill level 5 in Axes
  6295 | D:8      | Reached XP level 10. HP: 47/88 MP: 9/9
  6297 | D:8      | Reached skill level 6 in Axes
  7026 | D:4      | Found a bloodstained altar of Trog.
  7223 | D:4      | Noticed Eustachio
  7226 | D:4      | Killed Eustachio
  7227 | D:4      | Reached skill level 7 in Axes
  7774 | D:3      | Found a runed translucent gate.
  7774 | D:3      | Found a runed translucent gate.
  7774 | D:3      | Found a runed translucent gate.
  7777 | D:3      | Noticed avis's ghost (amateur DgIE)
  8136 | D:3      | Killed avis's ghost
  8859 | D:2      | Reached **** piety under Okawaru
  9738 | D:1      | Found a faded altar of an unknown god.
 10188 | D:9      | Noticed a two-headed ogre
 10195 | D:9      | Killed a two-headed ogre
 10196 | D:9      | Reached skill level 8 in Axes
 10266 | D:9      | Noticed Maurice
 10275 | D:9      | Killed Maurice
 10344 | D:9      | Received a gift from Okawaru
 10345 | D:9      | Reached skill level 5 in Dodging
 10635 | D:9      | Noticed Maggie
 10642 | D:9      | Killed Maggie
 10701 | D:9      | Reached skill level 9 in Axes
 10967 | D:9      | Reached ***** piety under Okawaru
 11642 | D:10     | Entered Level 10 of the Dungeon
 11653 | D:10     | Found a hazy altar of Hepliaklqana.
 11678 | D:10     | Reached skill level 1 in Throwing
 11793 | D:10     | Reached XP level 11. HP: 84/95 MP: 10/10
 12040 | D:10     | Identified the +1 robe of Epnint {-Cast rC+ Dex+3} (Okawaru
                  | gifted it to you on level 10 of the Dungeon)
 12040 | D:10     | Received a gift from Okawaru
 12041 | D:10     | Reached skill level 10 in Axes
 12231 | D:10     | Noticed a two-headed ogre
 12237 | D:10     | Killed a two-headed ogre
 12248 | D:10     | Found Rywnocvegu's Vocational Training.
 12629 | D:10     | Found Osaelopn's Armour Boutique.
 12637 | D:10     | Bought a +2 pair of boots of stealth for 322 gold pieces
 12840 | D:11     | Reached skill level 11 in Axes
 12934 | D:11     | Noticed a two-headed ogre
 12942 | D:11     | Killed a two-headed ogre
 13165 | D:11     | Found a staircase to the Orcish Mines.
 13325 | D:11     | Noticed a deep elf pyromancer
 13325 | D:11     | Noticed a deep elf zephyrmancer
 13325 | D:11     | Noticed a deep elf pyromancer
 13325 | D:11     | Noticed a deep elf zephyrmancer
 13325 | D:11     | Noticed a deep elf pyromancer
 13326 | D:11     | Noticed a deep elf pyromancer
 13326 | D:11     | Noticed a deep elf zephyrmancer
 13327 | D:11     | Noticed a deep elf zephyrmancer
 13331 | D:11     | Killed a deep elf pyromancer
 13332 | D:11     | Killed a deep elf zephyrmancer
 13338 | D:11     | Killed a deep elf zephyrmancer
 13340 | D:11     | Killed a deep elf zephyrmancer
 13340 | D:11     | Identified the +2 ring mail "Qurihuew" {rF+ Dex-5 Stlth+}
                  | (Okawaru gifted it to you on level 11 of the Dungeon)
 13340 | D:11     | Received a gift from Okawaru
 13341 | D:11     | Reached skill level 12 in Axes
 13488 | D:11     | Killed a deep elf pyromancer
 13493 | D:11     | Killed a deep elf pyromancer
 13633 | D:11     | Killed a deep elf pyromancer
 13634 | D:11     | Reached XP level 12. HP: 105/105 MP: 11/11
 13939 | D:11     | Found the +6 shillelagh "Devastator" {shatter}
 14591 | D:12     | Found a transporter.
 14593 | D:12     | Found a transporter.
 14594 | D:12     | Noticed a boulder beetle
 14594 | D:12     | Noticed a boulder beetle
 14594 | D:12     | Noticed a boulder beetle
 14969 | D:12     | Noticed a boulder beetle
 14971 | D:12     | Noticed a four-headed hydra
 15463 | Lair:1   | Entered Level 1 of the Lair of Beasts
 15524 | Lair:1   | Reached skill level 13 in Axes
 15550 | Lair:1   | Found a shadowy altar of Dithmenos.
 15906 | Lair:1   | Noticed Amaemon
 15918 | Lair:1   | Killed Amaemon
 16320 | D:10     | Bought a +2 pair of gloves for 247 gold pieces
 16480 | Lair:2   | Reached skill level 10 in Fighting
 16484 | Lair:2   | Reached skill level 1 in Maces & Flails
 16488 | Lair:2   | Identified the +3 buckler "Raifaoll" {Dex+4} (Okawaru
                  | gifted it to you on level 2 of the Lair of Beasts)
 16488 | Lair:2   | Received a gift from Okawaru
 16489 | Lair:2   | Reached skill level 5 in Throwing
 16691 | Lair:2   | Found a staircase to the Swamp.
 16715 | Lair:2   | Reached skill level 1 in Shields
 17624 | Lair:3   | Reached skill level 5 in Maces & Flails
 17731 | Lair:3   | Reached XP level 13. HP: 114/114 MP: 12/12
 17734 | Lair:3   | Reached ****** piety under Okawaru
 17751 | Lair:3   | Found a basalt altar of Yredelemnul.
 17803 | Lair:3   | Found a staircase to the Snake Pit.
 18136 | Lair:3   | Identified the +0 crystal plate armour "Caifoguh" {+Inv
                  | Dex-2 SInv} (Okawaru gifted it to you on level 3 of the
                  | Lair of Beasts)
 18136 | Lair:3   | Received a gift from Okawaru
 18137 | Lair:3   | Reached skill level 10 in Stealth
 18150 | Lair:3   | Mangled by a death yak

Illustrated notes

Levels and vault maps discovered:
D:1:      dpeg_arrival_erosion, layout_basic, ebering_ecumenical_altar_abandoned
D:2:      layout_basic
D:3:      layout_loops_ring, gammafunk_ghost_nasty_kobolds
D:4:      layout_gridville, lemuel_tele_altar, st_stairs_3, uniq_eustachio
D:5:      minmay_evil_eye, layout_basic, serial_shops, nicolae_diamond_shop,
          shop_fountains, shop, shop, nicolae_shop_advertising_works
          [nicolae_subvault_shop_adworks]
D:6:      layout_basic, minitemple, minmay_temple_entry_mist,
          cheibrodos_sewer_entry_bend, uniq_blork_the_orc, uniq_prince_ribbit1
D:7:      layout_gridville, serial_glass, glass_columns_a, glass_columns_a,
          hangedman_abyss_or_decor_passed
D:8:      layout_basic, david_lair_generic
D:9:      layout_roguey, serial_rivers, chequers_serial_rivers_micro_b,
          chequers_serial_rivers_room_b, chequers_serial_rivers_large_b,
          chequers_serial_rivers_room_b, chequers_serial_rivers_micro_c,
          chequers_serial_rivers_room_a, nicolae_lava_and_water, uniq_maurice,
          uniq_maggie
D:10:     kennysheep_six_static_rooms, layout_irregular_city,
          worldfamousw_hep_ancestral_shrine, grunt_ministairs_15,
          nicolae_stop_n_shop_2, grunt_livestock, nicolae_shop_vocational
D:11:     layout_irregular_city, david_orc_1_choice, elves_outpost_lemuel
D:12:     gammafunk_boulding_lane, layout_basic
Temple:   nicolae_temple_superstar
Lair:1:   layout_roguey, basic_altar, uniq_amaemon
Lair:2:   layout_roguey, swamp_mist, serial_bayou_pond_b, minmay_lindwurm_lava
Lair:3:   layout_hall_layers, minmay_snake_entry_six_corridors, basic_altar,
          small_statue_intersection, ice2_lemuel

Skill      XL: |  1  2  3  4  5  6  7  8  9 10 11 12 13 |
---------------+----------------------------------------+-----
Fighting       | 4 5 6 7 8 9 10 | 10.6
Polearms       | 3 4 5 6 7 |  7.0
Stealth        | 5 6 7 8 9 10 | 10.0
Armour         | 1 2 3 4 5 |  5.2
Long Blades    | 1 4 7 8 |  8.3
Dodging        | 3 4 5 6 7 |  7.5
Axes           | 5 9 12 13 | 13.8
Throwing       | 1 4 5 6 |  6.0
Maces & Flails | 5 6 |  6.8
Shields        | 2 3 |  3.2
Invocations    | |  0.3

Action                   |  1- 3 |  4- 6 |  7- 9 | 10-12 | 13-15 || total
-------------------------+-------+-------+-------+-------+-------++-------
Melee: Spear             |     6 |    73 |       |       |       ||    79
       Headbutt          |       |    11 |    36 |    70 |    17 ||   134
       Punch             |       |     1 |     1 |     3 |       ||     5
       Long sword        |       |     9 |   171 |       |       ||   180
       Great sword       |       |       |    27 |       |       ||    27
       Hand axe          |       |       |    34 |   303 |       ||   337
       Demon whip        |       |       |       |    64 |    59 ||   123
Throw: Dart              |       |       |       |     4 |       ||     4
Invok: Heroism           |       |       |     1 |     1 |       ||     2
  Use: Scroll            |     1 |     1 |       |    21 |     1 ||    24
       Potion            |       |     2 |     2 |     2 |       ||     6
 Stab: Sleeping          |       |     4 |     9 |    38 |     3 ||    54
       Distracted        |       |       |     1 |     2 |       ||     3
Armor: Leather armour    |       |    15 |    40 |       |       ||    55
       Robe              |       |       |    19 |    75 |    10 ||   104
Dodge: Dodged            |     1 |    51 |   166 |   204 |    29 ||   451
Block: Buckler           |       |       |       |    27 |    17 ||    44

Table legend: (Time is in decaauts)
 A = Elapsed time spent in this place.
 B = Non-inter-level travel time spent in this place.
 C = Inter-level travel time spent in this place.
 D = Time resting spent in this place.
 E = Time spent auto-exploring this place.
 F = Levels seen in this place.
 G = Mean time per level.
                   A        B        C        D        E       F      G
               +--------+--------+--------+--------+--------+-----+--------+
         Total |  18268 |  17732 |    536 |   2834 |  11514 |  17 | 1074.6 |
       Dungeon |  14002 |  13513 |    489 |   2121 |   8911 |  12 | 1166.8 |
        Temple |    462 |    462 |      0 |    313 |     73 |   1 |  462.0 |
          Lair |   2478 |   2431 |     47 |    314 |   1594 |   3 |  826.0 |
         Sewer |   1325 |   1325 |      0 |     86 |    935 |   1 | 1325.0 |
               +--------+--------+--------+--------+--------+-----+--------+

Top non-repeatable levels by time:
     D:9: 1764 daAuts
     D:5: 1694 daAuts
     D:6: 1669 daAuts
    D:11: 1398 daAuts
   Sewer: 1325 daAuts
     D:7: 1276 daAuts
  Lair:2: 1177 daAuts
    D:10: 1163 daAuts
    D:12: 1040 daAuts
     D:1: 991 daAuts
     D:8: 895 daAuts
     D:2: 818 daAuts
  Lair:1: 791 daAuts
     D:4: 700 daAuts
     D:3: 590 daAuts
